 Dungeon Crawl Stone Soup version 0.25.1-4-g9407a263a5 (webtiles) character file.

Game seed: 11292488989270876511

21821 Clowwww the Cleaver (level 12, -24/95 HPs)
             Began as a Demonspawn Gladiator on Nov 26, 2020.
             Was a High Priest of Okawaru.
             Killed from afar by an orc sorcerer (36 damage)
             ... with a bolt of negative energy
             ... on level 2 of the Orcish Mines.
             The game lasted 02:00:38 (16675 turns).

Clowwww the Cleaver (Demonspawn Gladiator)         Turns: 16675, Time: 02:00:47

Health: -24/95     AC: 10    Str: 24    XL:     12   Next: 57%
Magic:  0/12       EV: 19    Int: 10    God:    Okawaru [*****.]
Gold:   1162       SH: 11    Dex: 19    Spells: 11/11 levels left

rFire    + + .     SeeInvis +   G - +1 broad axe (vorpal)
rCold    + . .     Gourm    .   t - +0 kite shield
rNeg     . . .     Faith    .   m - +1 leather armour {MR+}
rPois    .         Spirit   +   l - +2 helmet
rElec    .         Reflect  .   e - scarf {rC+ rF+}
rCorr    .         Harm     .   j - +1 pair of gloves
MR       +....                  (no boots)
Stlth    ++........             (no amulet)
HPRegen  0.25/turn              s - +6 ring of strength
MPRegen  0.26/turn              E - ring of the Octopus King {AC+1 EV+1 Str+1 Int+1 Dex+1 SInv}

@: mighty, silence, drained
A: claws 2, repulsion field 2, fire resistance 1, ignite blood, magic shield,
magic regeneration, flame cloud immunity
a: Renounce Religion


You were on level 2 of the Orcish Mines.
You worshipped Okawaru.
Okawaru was extremely pleased with you.
You were not hungry.

You visited 3 branches of the dungeon, and saw 15 of its levels.

You collected 1240 gold pieces.
You spent 78 gold pieces at shops.

Inventory:

Hand Weapons
 G - a +1 vorpal broad axe (weapon)
Missiles
 d - 3 throwing nets (quivered)
 g - 17 poisoned darts
 N - 4 silver javelins
Armour
 e - a scarf of resistance (worn)
 j - a +1 pair of gloves (worn)
 l - a +2 helmet (worn)
 m - a +1 leather armour of magic resistance (worn)
 t - a +0 kite shield (worn)
 y - a +0 pair of boots
 A - a +0 cloak
 J - a +3 scale mail of cold resistance
Magical Staves
 u - an uncursed staff of wizardry {unknown}
Jewellery
 p - a +6 ring of intelligence
 s - a +6 ring of strength (left hand)
 C - an uncursed ring of resist corrosion
 E - a ring of the Octopus King (right hand) {AC+1 EV+1 Str+1 Int+1 Dex+1 SInv}
   (You found it on level 8 of the Dungeon)

   [ring of see invisible]

   It affects your AC (+1).
   It affects your evasion (+1).
   It affects your strength (+1).
   It affects your intelligence (+1).
   It affects your dexterity (+1).
   It lets you see invisible.
 L - an uncursed ring of flight
 M - a cursed -4 ring of evasion {unknown}
Wands
 k - a wand of disintegration (9)
 v - a wand of polymorph (11)
 w - a wand of flame (54)
 x - a wand of clouds (4)
 B - a wand of iceblast (16)
Scrolls
 b - 2 scrolls of blinking
 f - 5 scrolls of remove curse
 o - 2 scrolls of teleportation
 D - a scroll of torment
 K - a scroll of vulnerability
Potions
 h - a potion of curing
 i - a potion of haste
 n - 2 potions of flight
 q - 3 potions of cancellation
 z - a potion of lignification
 F - a potion of degeneration {unknown}
 H - a potion of stabbing {unknown}
 I - 2 potions of mutation {unknown}
Comestibles
 c - 14 rations


   Skills:
 + Level 9.2(8.4) Fighting
 + Level 13.0(12.1) Axes
 + Level 1.9(1.3) Throwing
 + Level 4.3(3.7) Armour
 + Level 7.7(6.9) Dodging
 + Level 4.6(3.9) Stealth
 + Level 7.1(6.4) Shields
 + Level 0.5(0.0) Invocations
 + Level 0.6(0.0) Evocations


You had 11 spell levels left.
You didn't know any spells.
Your spell library contained the following spells:

 Spells                   Type           Power        Failure   Level  Hunger
 Confusing Touch          Hex            #.......     98%         3    ####...
 Gell's Gravitas          Tloc           #.........   98%         3    ####...
 Petrify                  Tmut/Erth      #.......     100%        4    #####..
 Metabolic Englaciation   Hex/Ice        #.........   100%        5    ######.
 Yara's Violent Unravell  Hex/Tmut       #.........   100%        5    ######.


Dungeon Overview and Level Annotations

Branches:
Dungeon (12/15)            Temple (1/1) D:6            Lair (0/6) D:9
    Orc (2/2) D:9
    Elf: Orc:2

Altars:
Ashenzari
Cheibriados
Dithmenos
Elyvilon
Fedhas
Hepliaklqana
Makhleb
Nemelex Xobeh
Okawaru
Qazlal
Ru
Sif Muna
Trog
Uskayaw
Vehumet
Wu Jian
Yredelemnul
Zin
The Shining One

Shops:
D:6 =   D:10 }([?(   D:11 (   Orc:2 }(?*

Portals:
Pandemonium: Orc:2

Annotations:
D:8 exclusion: ice statue


Innate Abilities, Weirdness & Mutations

You have very sharp fingernails.
You are surrounded by a moderate repulsion field. (EV +3)
Your flesh is heat resistant. (rF+)
Your demonic aura causes spilled blood to erupt in flames.
When hurt, damage is shared between your health and your magic reserves.
You regenerate magic rapidly.
You are immune to clouds of flame.


Message History

The torturous demonspawn closely misses you.
Okay, then.
Okay, then.
An orc knight, 2 orc sorcerers and an infernal demonspawn come into view.
An orc sorcerer is wielding a +2 dagger of speed and wearing a +2 robe of fire resistance.
The orc sorcerer mumbles some strange words.
The orc sorcerer gestures at you while chanting.
You resist with almost no effort. You block the orc knight's attack.
Things that are here:
a +0 dagger; a +2 robe of fire resistance; an orc corpse The orc sorcerer hits you but does no damage.
The infernal demonspawn hits you but does no damage.
The torturous demonspawn closely misses you.
An orc high priest and an orc knight come into view.
You block the orc sorcerer's attack.
The orc knight roars a battlecry!
The orcs go into a battle-frenzy!
The orc sorcerer gestures at you while chanting.
The bolt of negative energy hits you!!!
You feel drained.
You die...

##.........)
##......... ##
##........ ##.#
##....... oo.##
##.#.... #..##
##..... ###..##
##.... ##.∩#..##
.. #.∩###...
#∩°46o@.# .#.....
##.. ##)6#.6##
...#.∩###...
###°.##
.#...###....
#oo##
.o..###.....
..o##
oo.###..###. ##.#
##o.###...###. ##
##)o###...##..#
##o[###...##....
##o.###.....##..#


You could see 2 orc knights, an orc high priest (strong), 2 demonspawn, a
torturous demonspawn, an orange demon (summoned) and 3 orc sorcerers.

Vanquished Creatures
  Frances (D:12)
  The ghost of Erymatos the Cleaver, a novice MiBe of Trog (D:7)
  3 two-headed ogres
  An orc high priest (Orc:2)
  Urug (D:12)
  An unseen horror (D:12)
  Pikel (D:4)
  An orc knight (Orc:1)
  3 orc sorcerers (Orc:2)
  A deep elf mage (D:12)
  An ugly thing (D:11)
  Maurice (D:8)
  2 trolls (Orc:1)
  Grinder (D:4)
  2 hornets (D:11)
  5 hippogriffs
  Sigmund (D:2)
  A spriggan (D:8)
  Eustachio (D:4)
  15 yaks
  5 wargs
  Edmund (D:3)
  5 porcupines (D:9)
  A hornet zombie (D:7)
  2 ice beasts (D:9)
  15 orc warriors
  3 sky beasts
  5 black bears
  8 ogres
  An eye of draining (D:11)
  2 centaurs
  2 big kobolds
  6 bullfrogs
  3 scorpions
  3 killer bees (D:11)
  2 electric eels
  5 wights
  A howler monkey (D:5)
  5 crimson imps
  A centaur zombie (D:9)
  6 hounds
  4 jellies
  19 orc priests
  3 bullfrog zombies
  4 bullfrog skeletons
  Ijyb (D:5)
  4 iguanas
  32 orc wizards
  12 worker ants
  2 hound skeletons
  3 worker ant zombies
  Robin (D:3)
  A howler monkey skeleton (D:11)
  3 gnolls (D:8)
  15 adders
  3 shadow imps
  3 worms
  6 dart slugs
  3 leopard geckos
  73 orcs
  10 giant cockroaches
  15 goblins
  6 hobgoblins
  7 jackals
  16 kobolds
  8 quokkas
  A ball python (D:5)
  6 bats
  6 frilled lizards
  A leopard gecko skeleton (D:3)
  A quokka zombie (D:7)
  5 rats
  7 fungi (D:9)
  3 plants (D:9)
410 creatures vanquished.

Vanquished Creatures (others)
  2 slaves (D:4)
  12 fungi (D:9)
  3 plants (D:9)
17 creatures vanquished.

Grand Total: 427 creatures vanquished

Notes
Turn   | Place    | Note
-------+----------+-------------------------------------------
     0 | D:1      | Clowwww the Demonspawn Gladiator began the quest for the
                  | Orb.
     0 | D:1      | Reached XP level 1. HP: 16/16 MP: 1/1
   185 | D:1      | Reached skill level 3 in Axes
   187 | D:1      | Gained mutation: Your flesh is heat resistant. (rF+)
                  | [demonic ancestry]
   187 | D:1      | Reached XP level 2. HP: 21/22 MP: 2/2
   836 | D:2      | Gained mutation: When hurt, damage is shared between your
                  | health and your magic reserves. [demonic ancestry]
   836 | D:2      | Reached XP level 3. HP: 23/27 MP: 3/3
   959 | D:2      | Noticed Sigmund
  1881 | D:2      | Reached skill level 4 in Axes
  2098 | D:2      | Killed Sigmund
  2098 | D:2      | Reached skill level 1 in Armour
  2098 | D:2      | Gained mutation: You are surrounded by a mild repulsion
                  | field. (EV +2) [demonic ancestry]
  2098 | D:2      | Reached XP level 4. HP: 30/34 MP: 4/4
  2098 | D:2      | Reached XP level 5. HP: 34/39 MP: 5/5
  2153 | D:2      | Found a bloodstained altar of Trog.
  2323 | D:2      | Found a shimmering blue altar of Sif Muna.
  2583 | D:3      | Gained mutation: You have sharp fingernails. [demonic
                  | ancestry]
  2583 | D:3      | Reached XP level 6. HP: 22/46 MP: 4/6
  2591 | D:3      | Reached skill level 5 in Axes
  2596 | D:3      | Noticed Robin
  2613 | D:3      | Killed Robin
  4288 | D:4      | Gained mutation: You are immune to clouds of flame.
                  | [demonic ancestry]
  4288 | D:4      | Reached XP level 7. HP: 52/52 MP: 7/7
  4359 | D:4      | Noticed Edmund
  4401 | D:3      | HP: 1/52 [Edmund/+1 dire flail of holy wrath (9)]
  4405 | D:3      | Killed Edmund
  4405 | D:3      | Reached skill level 1 in Stealth
  4750 | D:4      | Reached skill level 6 in Axes
  4901 | D:4      | Noticed Pikel
  4921 | D:4      | Killed Pikel
  4921 | D:4      | Reached skill level 1 in Shields
  4921 | D:4      | Gained mutation: You have very sharp fingernails. [demonic
                  | ancestry]
  4921 | D:4      | Reached XP level 8. HP: 15/60 MP: 1/8
  5050 | D:4      | Noticed Grinder
  5062 | D:4      | Killed Grinder
  5375 | D:5      | Entered Level 5 of the Dungeon
  5375 | D:5      | Noticed Ijyb
  5381 | D:5      | Noticed Eustachio
  5410 | D:4      | Reached skill level 7 in Axes
  5502 | D:4      | Killed Eustachio
  5651 | D:5      | Killed Ijyb
  5815 | D:5      | Found an iron altar of Okawaru.
  5816 | D:5      | Found a burning altar of Makhleb.
  6016 | D:5      | Found a snail-covered altar of Cheibriados.
  6144 | D:5      | Became a worshipper of Warmaster Okawaru
  6196 | D:6      | Found Povvel's Jewellery Boutique.
  6278 | D:6      | Found a staircase to the Ecumenical Temple.
  6300 | Temple   | Entered the Ecumenical Temple
  6659 | D:6      | Reached skill level 8 in Axes
  6659 | D:6      | Reached XP level 9. HP: 13/66 MP: 4/9
  6933 | D:6      | Reached skill level 5 in Dodging
  7061 | D:6      | Found a stormy altar of Qazlal.
  7494 | D:7      | Found a transporter.
  7494 | D:7      | Found a transporter.
  7494 | D:7      | Noticed Erymatos's ghost (novice MiBe)
  7523 | D:7      | Reached * piety under Okawaru
  8124 | D:7      | Reached skill level 5 in Fighting
  9010 | D:7      | Reached skill level 9 in Axes
  9014 | D:7      | Killed Erymatos's ghost
  9014 | D:7      | Reached ** piety under Okawaru
  9369 | D:8      | Noticed an ice devil
  9370 | D:8      | Noticed an ice devil
  9373 | D:8      | Noticed an ice devil
  9382 | D:8      | Noticed an ice devil
  9388 | D:8      | Noticed an ice devil
  9397 | D:8      | Noticed an ice devil
  9507 | D:8      | Noticed an ice statue
  9532 | D:8      | Reached *** piety under Okawaru
  9532 | D:8      | Gained mutation: Your demonic aura causes spilled blood to
                  | erupt in flames. [demonic ancestry]
  9532 | D:8      | Reached XP level 10. HP: 39/76 MP: 5/10
  9797 | D:8      | Noticed Maurice
  9806 | D:8      | Killed Maurice
  9909 | D:8      | Found the ring of the Octopus King
  9920 | D:8      | Got a ring of the Octopus King
 10393 | D:9      | Found a staircase to the Orcish Mines.
 10439 | D:9      | Reached skill level 10 in Axes
 10493 | D:9      | Found a staircase to the Lair.
 10521 | D:9      | Reached **** piety under Okawaru
 10911 | D:9      | Reached skill level 5 in Shields
 11094 | D:9      | Found a hazy altar of Hepliaklqana.
 11643 | D:10     | Entered Level 10 of the Dungeon
 11643 | D:10     | Found Fitacis's Gadget Shop.
 11701 | D:10     | Found Qyjergh's Antique Weapon Boutique.
 11836 | D:10     | Found Mekati's Antique Armour Emporium.
 11844 | D:10     | Found Esasch's Magic Scroll Shoppe.
 11856 | D:10     | Bought a scroll of identify for 26 gold pieces
 11856 | D:10     | Bought a scroll of identify for 26 gold pieces
 11856 | D:10     | Bought a scroll of identify for 26 gold pieces
 11859 | D:10     | Identified a ring of the Octopus King {AC+1 EV+1 Str+1
                  | Int+1 Dex+1 SInv} (You found it on level 8 of the Dungeon)
 11877 | D:10     | Found Qoofah's Weapon Shoppe.
 12589 | D:11     | Gained mutation: You are surrounded by a moderate repulsion
                  | field. (EV +3) [demonic ancestry]
 12589 | D:11     | Reached XP level 11. HP: 83/83 MP: 11/11
 12602 | D:11     | Noticed a white ugly thing
 12612 | D:11     | Killed a white ugly thing
 12612 | D:11     | Reached ***** piety under Okawaru
 12702 | D:11     | Paralysed by a hornet for 1 turns
 12723 | D:11     | Reached skill level 11 in Axes
 12750 | D:11     | Received a gift from Okawaru
 13151 | D:11     | Found Tixkileb's Antique Weapon Emporium.
 13393 | D:12     | Noticed Frances
 13421 | D:12     | Killed Frances
 13560 | D:12     | Noticed a deep elf mage
 13564 | D:12     | Killed a deep elf mage
 13799 | D:12     | Noticed an unseen horror
 13809 | D:12     | Noticed a two-headed ogre
 13813 | D:12     | Noticed a two-headed ogre
 13834 | D:12     | Killed a two-headed ogre
 13995 | D:12     | Killed an unseen horror
 13995 | D:12     | Reached skill level 12 in Axes
 14071 | D:12     | Killed a two-headed ogre
 14126 | D:12     | Noticed Urug
 14136 | D:12     | Killed Urug
 14540 | D:12     | Received a gift from Okawaru
 14543 | D:12     | Gained mutation: You regenerate magic rapidly. [demonic
                  | ancestry]
 14543 | D:12     | Reached XP level 12. HP: 93/93 MP: 12/12
 15204 | Orc:1    | Entered Level 1 of the Orcish Mines
 16101 | Orc:2    | Entered Level 2 of the Orcish Mines
 16110 | Orc:2    | Noticed a two-headed ogre
 16127 | Orc:1    | Killed a two-headed ogre
 16633 | Orc:2    | Found Kaarcheb's General Store.
 16645 | Orc:2    | Found Qudoykk's Magic Scroll Boutique.
 16659 | Orc:2    | Found Ekkiha's Antique Weapon Emporium.
 16659 | Orc:2    | Found a one-way gate leading to the halls of Pandemonium.
 16659 | Orc:2    | Found Liceex's Gadget Shoppe.
 16660 | Orc:2    | Noticed an orc high priest
 16667 | Orc:2    | Killed an orc high priest
 16670 | Orc:2    | HP: 4/95 [infernal demonspawn/+0 dire flail of protection
                  | (4)]
 16670 | Orc:2    | Reached skill level 13 in Axes
 16675 | Orc:2    | Noticed an orc high priest
 16675 | Orc:2    | Killed from afar by an orc sorcerer

Illustrated notes

Levels and vault maps discovered:
D:1:      sevenhm_arrival_forest_fort_small_4, layout_rooms,
          minmay_misc_feat_secret_circle, minmay_octomino_e4
D:2:      layout_basic, lightli_temple_of_fire, led_sif_pool, uniq_sigmund
D:3:      layout_loops_ring, st_stairs_13, uniq_robin
D:4:      layout_rooms, minmay_vboxes, uniq_grinder, uniq_pikel, uniq_edmund
D:5:      layout_basic, gammafunk_temple_overflow_statue, first_ration,
          serial_glass, glass_columns_c, glass_columns_a, glass_columns_b,
          glass_columns_b, glass_columns_c, glass_columns_a,
          kennysheep_slug_shrine, uniq_prince_ribbit1, uniq_ijyb, uniq_eustachio
D:6:      minmay_recursive_quarters, layout_basic, marbit_many_paths,
          minmay_temple_entry_sparse_star, serial_shops,
          nicolae_shop_behind_doors, minmay_misc_feat_pillars
D:7:      layout_basic, gammafunk_ghost_arena
D:8:      cheibrodos_frozen_isle, layout_loops_cross, the_bakery,
          hangedman_decor_lopped, minmay_fractal_squares_gapless_5, uniq_maurice
D:9:      layout_loops_ring, lemuel_round_altar, due_lair_maze_entry_diamond,
          small_chamber_with_monster, kennysheep_small_square
D:10:     layout_rooms, serial_shops, shop_fountains, shop, shop, shop,
          nicolae_shop_behind_doors
D:11:     layout_basic, serial_curves, eino_curves_03, eino_curves_04,
          serial_shops, kennysheep_mini_moat, small_statue_intersection
D:12:     layout_small_grid, chequers_big_river, grunt_ministairs_2,
          kennysheep_potato, uniq_frances, uniq_urug
Temple:   nicolae_temple_elliptical
Orc:1:    layout_caves, nooodl_orcs_dogs
Orc:2:    pf_orc_diabolical, layout_caves

Skill      XL: |  1  2  3  4  5  6  7  8  9 10 11 12 |
---------------+-------------------------------------+-----
Axes           | 3 4 5 6 8 9 10 12 13 | 13.0
Dodging        | 3 4 5 6 7 |  7.7
Armour         | 1 2 3 4 |  4.3
Fighting       | 3 4 5 6 8 9 |  9.2
Stealth        | 1 2 3 4 |  4.6
Shields        | 1 2 3 5 6 7 |  7.1
Throwing       | |  1.9
Invocations    | |  0.5
Evocations     | |  0.6

Action                   |  1- 3 |  4- 6 |  7- 9 | 10-12 || total
-------------------------+-------+-------+-------+-------++-------
Melee: War axe           |   118 |   204 |   343 |   311 ||   976
       Broad axe         |       |       |       |   239 ||   239
Throw: Throwing net      |       |       |     2 |       ||     2
Invok: Heroism           |       |       |       |     3 ||     3
Evoke: Wand              |       |       |       |     7 ||     7
  Use: Potion            |     2 |       |     5 |     6 ||    13
       Scroll            |       |       |    20 |     9 ||    29
 Stab: Sleeping          |       |     2 |     1 |    10 ||    13
       Distracted        |       |       |       |     1 ||     1
  Eat: Ration            |     1 |     1 |     5 |     2 ||     9
       Chunk             |       |     4 |     1 |    16 ||    21
Armor: Leather armour    |    34 |    52 |    65 |    77 ||   228
Dodge: Dodged            |    88 |   164 |   191 |   261 ||   704
Block: Kite shield       |       |       |   186 |   283 ||   469
